 Dungeon Crawl Stone Soup version 0.32-a0-485-g70f7560b1c (webtiles) character file.

Game seed: 3144620957642045282

19042 Pooter the Severer (level 12, -6/165 HPs)
             Began as a Minotaur Berserker on Feb 25, 2024.
             Was an Elder of Trog.
             Killed by an exploding orc warrior (20 damage)
             ... ignited by their inner flame
             ... on level 2 of the Orcish Mines on Feb 26, 2024.
             The game lasted 01:16:50 (11265 turns).

Pooter the Severer (Minotaur Berserker)            Turns: 11265, Time: 01:16:51

Health: -6/165     AC: 16    Str: 31    XL:     12   Next: 33%
Magic:  11/11      EV:  8    Int:  4    God:    Trog [****..]
Gold:   1286       SH:  5    Dex: 12    Spells: 11/11 levels left

rFire   . . .        a - +1 battleaxe (venom)
rCold   . . .        (shield currently unavailable)
rNeg    . . .        q - +3 plate armour
rPois   +            (helmet restricted)
rElec   .            O - +0 cloak
rCorr   .            (no gloves)
SInv    .            l - +0 pair of boots
Will    ++...        N - amulet of reflection Stlth
                     P - ring of poison resistance
HPRegen 1.47/turn    j - +6 ring of strength
MPRegen 0.12/turn

%: reflection
@: berserking, strong-willed, regenerating, very quick
A: horns 2, retaliatory headbutt
a: Renounce Religion, Berserk, Trog's Hand, Brothers in Arms


You were on level 2 of the Orcish Mines.
You worshipped Trog.
Trog was greatly pleased with you.
You visited 2 branches of the dungeon, and saw 11 of its levels.
You also visited: Sewer and Ossuary.

You collected 1342 gold pieces.
You spent 56 gold pieces at shops.

Inventory:

Hand Weapons
 a - a +1 battleaxe of venom (weapon)
   (You took it off an orc warrior on level 2 of the Orcish Mines)
 b - a +0 arbalest
   (You took it off a kobold blastminer on level 2 of the Orcish Mines)
 k - a +0 broad axe of electrocution
   (You took it off an orc warrior on level 2 of the Orcish Mines)
 H - a +2 war axe
   (You took it off an orc on level 3 of the Dungeon)
 L - a +0 morningstar
   (You took it off an orc on level 7 of the Dungeon)
 W - a +1 heavy flail
   (You took it off an orc on level 7 of the Dungeon)
 Y - a +2 antimagic halberd
   (You took it off a gnoll on level 5 of the Dungeon)
Missiles
 x - 21 boomerangs (quivered)
 M - 26 poisoned darts
 Q - 70 stones
 V - a curare-tipped dart
Armour
 l - a +0 pair of boots (worn)
   (You found it on level 3 of the Dungeon)
 q - a +3 plate armour (worn)
   (You found it on level 3 of the Dungeon)
 O - a +0 cloak (worn)
   (You took it off Maurice on level 7 of the Dungeon)
 X - a +3 ring mail of fire resistance
   (You took it off Joseph on level 8 of the Dungeon)
Jewellery
 j - a +6 ring of strength (right hand)
   (You found it on level 1 of the Dungeon)
 C - a ring of resist corrosion
   (You found it on level 1 of the Dungeon)
 F - the ring "Dayff" {Fly rF+ MP+9}
   (You acquired it on level 9 of the Dungeon)

   [ring of magical power]

   rF+:       It protects you from fire.
   MP+9:      It affects your magic capacity (+9).
   Fly:       It grants you flight.
 G - a +6 ring of dexterity
   (You found it on level 5 of the Dungeon)
 N - an amulet of reflection (around neck)
   (You found it on level 7 of the Dungeon)
 P - a ring of poison resistance (left hand)
   (You found it on level 2 of the Dungeon)
Wands
 f - a wand of flame (16)
   (You took it off Natasha on level 3 of the Dungeon)
 p - a wand of mindburst (2)
   (You found it on level 2 of the Dungeon)
 D - a wand of digging (3)
   (You found it on level 9 of the Dungeon)
 R - a wand of roots (15)
   (You took it off Maurice on level 7 of the Dungeon)
Scrolls
 c - a scroll of immolation {!r}
 d - 2 scrolls of poison {!r}
 e - 2 scrolls of silence
 i - a scroll of revelation {unknown}
 m - 2 scrolls of fear
 o - 4 scrolls of blinking
 r - a scroll of vulnerability {!r}
 s - 2 scrolls of butterflies
 t - 8 scrolls of teleportation {@r4}
 y - 2 scrolls of fog
 z - 2 scrolls of noise {!r}
Potions
 g - 5 potions of heal wounds {@q2}
 h - 4 potions of attraction {unknown}
 n - 4 potions of curing {@q1}
 u - a potion of mutation {unknown}
 v - 3 potions of might
 A - a potion of lignification {unknown}
 B - 2 potions of invisibility
 K - 3 potions of enlightenment
 S - 2 potions of brilliance {unknown}
 T - a potion of resistance {unknown}


   Skills:
 + Level 11.4 Fighting
 * Level 15.4 Axes
 * Level 10.4 Ranged Weapons
 - Level 8.6 Throwing
 - Level 2.4 Armour
 - Level 2.1 Dodging
 + Level 3.5 Evocations


You had 11 spell levels left.
You didn't know any spells.
Your spell library was empty.

Dungeon Overview and Level Annotations

Branches:
Dungeon (9/15) Zot: 25990  Temple (0/1) D:4             Orc (2/2) D:9 Zot: 9237
    Elf (0/3) Orc:2         Sewer (visited)         Ossuary (visited)
   Lair: D:8-11

Altars:
Cheibriados
Dithmenos
Fedhas
Makhleb
Okawaru
Qazlal
Sif Muna
Vehumet
Beogh

Shops:
D:4 *   Orc:1 *   Orc:2 ([

Annotations:
Orc:2 Saint Roka


Innate Abilities, Weirdness & Mutations

You have a pair of horns on your head.
You reflexively headbutt those who attack you in melee.


Message History

The creatures around you are filled with an inner flame!
The warg bites you!
Saint Roka roars a battlecry!
The orcs go into a battle-frenzy!
The orc priest calls down the wrath of Beogh upon you.
Beogh smites you! The warg bites you!
You hear a howl!
You hear a shout!
Aiming: Fastroot
Press: ? - help, Shift-Dir - straight line, f/p - warg
Aim: a warg (inner flame)
The roots erupt in riotous growth!
Roots grab the warg.
The grasping roots constrict the warg, but do no damage.
The orc priest invokes the aid of Beogh against you.
Beogh smites you!
* * * LOW HITPOINT WARNING * * *
The warg bites you but does no damage.
Saint Roka calls down the wrath of Beogh upon you.
Beogh smites you!
* * * LOW HITPOINT WARNING * * *
You hear a shout!
Unknown command.
Okay, then.
A red film seems to cover your vision as you go berserk!
You feel yourself moving faster!
You feel mighty!
The grasping roots constrict the warg.
Flame seeps out of the warg.
The roots release their grip on the warg.
The warg is engulfed in blazing flames.
Flame seeps out of the warg.
You block the warg's attack.
Saint Roka mumbles some strange prayers to Beogh against you.
Beogh smites you!
* * * LOW HITPOINT WARNING * * *
The warg is engulfed in blazing flames.
Flame seeps out of the warg.
The warg bites you!
* * * LOW HITPOINT WARNING * * *
You hear a shout!
You closely miss the warg.
Saint Roka mumbles some strange prayers to Beogh against you.
Beogh smites you!
* * * LOW HITPOINT WARNING * * *
The warg is engulfed in blazing flames.
Trog accepts your kill.
The warg explodes!
The fiery explosion engulfs the orc warrior!!
Trog accepts your kill. The fiery explosion engulfs you!
* * * LOW HITPOINT WARNING * * *
The orc warrior explodes!
The fiery explosion engulfs you!!
You die...

...#..#.##........###.#....#...#
........##.#.##..###...#..###.##
..................#.#.#...#####
.#.....................#...#
..........................##
.......###..#..............#
....######.#............W.##
....##..#...#..ß.ß......###
...........#..§§@§.....##
.............##§○§##...##
...#.......###.§§§.###..#
........#.## #ß.ooß# ##.#
..........# ##...## #)#
.#####....# #...# #.#
##...##...# '...' #.#
#.....#...# #o..#. #.#
'.._..#.#.# #)####


You could see Saint Roka (inner flame), an orc warrior (inner flame, strong) and
an orc priest (inner flame, strong).

Vanquished Creatures
  Snorg (Orc:2)
  Josephine (Orc:2)
  An orc high priest (Orc:2)
  Pikel (D:4)
  An ugly thing (D:9)
  An orc sorcerer (Orc:1)
  Maurice (D:7)
  4 kobold blastminers (Orc:2)
  Joseph (D:8)
  Maggie (D:6)
  A troll (D:9)
  Grinder (D:3)
  A hornet (D:8)
  Prince Ribbit (D:6)
  The ghost of Skryme the Shield-Bearer, an amateur MDFi of Ashenzari (D:5)
  A shadow (D:8)
  5 wraiths (Orc:2)
  2 wyverns
  18 yaks
  Eustachio (D:4)
  3 vampire mosquitoes
  A steam dragon (D:8)
  Menkaure (D:5)
  2 wargs
  Edmund (D:5)
  2 water moccasins
  37 orc warriors
  2 ice beasts
  A sky beast (D:6)
  A centaur (D:6)
  5 ogres
  A phantom (D:6)
  5 kobold brigands
  3 bullfrogs
  A gnoll sergeant (D:5)
  3 scorpions
  4 killer bees (D:7)
  A howler monkey (D:6)
  3 electric eels (D:9)
  A crimson imp (D:5)
  A human zombie (Ossuary)
  3 quasits (D:5)
  17 orc priests
  2 jellies
  3 bombardier beetles
  6 hounds
  Terence (D:3)
  Natasha (thrice) (D:3)
  3 sleepcaps
  An iguana (D:7)
  26 orc wizards
  A hell rat (Sewer)
  4 hound zombies (Ossuary)
  4 mummies (Ossuary)
  Robin (D:4)
  9 gnolls
  A river rat (Sewer)
  8 adders
  A shadow imp (D:6)
  4 white imps
  A dart slug (D:2)
  3 ribbon worms
  91 orcs
  10 ball pythons
  5 endoplasms
  A giant cockroach (D:1)
  2 gnoll zombies (Ossuary)
  11 goblins
  12 hobgoblins
  3 jackals (D:5)
  22 kobolds
  3 quokkas
  3 bats
  5 frilled lizards
  2 goblin zombies (Ossuary)
  A hobgoblin zombie (Ossuary)
  A kobold zombie (Ossuary)
  An orc zombie (Ossuary)
  10 rats
409 creatures vanquished.

Vanquished Creatures (others)
  2 orc wizards
2 creatures vanquished.

Grand Total: 411 creatures vanquished

Notes
Turn   | Place    | Note
-------+----------+-------------------------------------------
     0 | D:1      | Pooter the Minotaur Berserker began the quest for the Orb.
     0 | D:1      | Reached XP level 1. HP: 19/19 MP: 0/0
   147 | D:1      | Reached XP level 2. HP: 20/27 MP: 1/1
   197 | D:1      | Reached skill level 1 in Throwing
   221 | D:1      | Reached skill level 4 in Axes
   550 | D:1      | Reached ** piety under Trog
   773 | D:1      | Reached XP level 3. HP: 30/33 MP: 2/2
  1645 | D:3      | Noticed Terence
  1727 | D:3      | Noticed Natasha
  1736 | D:3      | Killed Natasha
  1737 | D:3      | Reached XP level 4. HP: 34/40 MP: 3/3
  1758 | D:3      | Found a glowing drain.
  1761 | D:3      | Noticed Natasha
  1767 | D:3      | Killed Natasha
  1768 | D:3      | Reached skill level 5 in Axes
  1827 | Sewer    | Entered a sewer
  1843 | Sewer    | Reached XP level 5. HP: 33/47 MP: 4/4
  2099 | D:3      | Noticed Grinder
  2099 | D:3      | Paralysed by Grinder for 4 turns
  2111 | D:3      | Killed Grinder
  2112 | D:3      | Reached skill level 5 in Fighting
  2112 | D:3      | Reached skill level 6 in Axes
  2112 | D:3      | Reached XP level 6. HP: 56/56 MP: 5/5
  2241 | D:3      | Killed Terence
  2248 | D:3      | Noticed Natasha
  2255 | D:3      | Killed Natasha
  2425 | D:3      | Reached XP level 7. HP: 61/61 MP: 6/6
  2770 | D:4      | Found Veruni's General Store.
  2777 | D:4      | Bought a scroll of identify for 28 gold pieces
  2777 | D:4      | Bought a scroll of identify for 28 gold pieces
  2890 | D:4      | Found a sand-covered staircase.
  2905 | Ossuary  | Entered an ossuary
  2916 | Ossuary  | Reached skill level 7 in Axes
  3006 | Ossuary  | Reached *** piety under Trog
  3089 | Ossuary  | Reached skill level 5 in Throwing
  3508 | D:4      | Noticed Eustachio
  3514 | D:4      | Noticed Robin
  3515 | D:4      | Killed Eustachio
  3521 | D:4      | Killed Robin
  3571 | D:4      | Found a staircase to the Ecumenical Temple.
  3651 | D:4      | Noticed Pikel
  3656 | D:4      | Killed Pikel
  3657 | D:4      | Reached skill level 8 in Axes
  3657 | D:4      | Reached XP level 8. HP: 71/71 MP: 7/7
  3991 | D:5      | Entered Level 5 of the Dungeon
  4138 | D:5      | Noticed Skryme's ghost (amateur MDFi)
  4184 | D:5      | Reached skill level 9 in Axes
  4305 | D:5      | Noticed Menkaure
  4312 | D:5      | Killed Menkaure
  4316 | D:5      | Noticed Edmund
  4322 | D:5      | Killed Edmund
  4345 | D:5      | Reached XP level 9. HP: 79/79 MP: 8/8
  4400 | D:5      | Found a snail-covered altar of Cheibriados.
  4406 | D:5      | Found a shadowy altar of Dithmenos.
  4409 | D:5      | Found a stormy altar of Qazlal.
  4409 | D:5      | Found a blossoming altar of Fedhas.
  4423 | D:5      | Found an iron altar of Okawaru.
  4493 | D:5      | Found a transporter.
  4538 | D:5      | Found a transporter.
  4591 | D:5      | Found a radiant altar of Vehumet.
  4591 | D:5      | Found a burning altar of Makhleb.
  4629 | D:5      | Killed Skryme's ghost
  4630 | D:5      | Reached skill level 10 in Axes
  4795 | D:6      | Noticed Maggie
  4805 | D:6      | Killed Maggie
  4871 | D:6      | Noticed Prince Ribbit
  4902 | D:6      | Killed Prince Ribbit
  5233 | D:6      | Reached skill level 11 in Axes
  5234 | D:6      | Reached skill level 1 in Ranged Weapons
  5712 | D:7      | Reached XP level 10. HP: 80/90 MP: 9/9
  5931 | D:7      | Noticed Maurice
  5941 | D:7      | Killed Maurice
  6298 | D:8      | Reached skill level 12 in Axes
  6315 | D:8      | Reached skill level 5 in Ranged Weapons
  6917 | D:8      | Reached **** piety under Trog
  6928 | D:8      | Reached skill level 13 in Axes
  7115 | D:8      | Found a shimmering blue altar of Sif Muna.
  7231 | D:8      | Reached XP level 11. HP: 78/99 MP: 10/10
  7274 | D:8      | Noticed Joseph
  7287 | D:8      | Killed Joseph
  7288 | D:8      | Reached skill level 10 in Fighting
  7746 | D:9      | Identified a scroll of acquirement
  7746 | D:9      | Acquired the ring "Dayff" {Fly rF+ MP+9}
  7913 | D:9      | Found a transporter.
  7939 | D:9      | Found a transporter.
  8361 | D:9      | Noticed a purple ugly thing
  8373 | D:9      | Killed a purple ugly thing
  8572 | D:9      | Reached skill level 14 in Axes
  8577 | D:9      | Reached skill level 1 in Evocations
  8625 | D:9      | Found a staircase to the Orcish Mines.
  8637 | Orc:1    | Entered Level 1 of the Orcish Mines
  8678 | Orc:1    | Found Piusad's Overcharged Wands.
  8774 | Orc:2    | Entered Level 2 of the Orcish Mines
  8774 | Orc:2    | Found a staircase to the Elven Halls.
  8840 | Orc:2    | Found a roughly hewn altar of Beogh.
  8918 | Orc:2    | Found a roughly hewn altar of Beogh.
  9228 | Orc:2    | Noticed Josephine
  9259 | Orc:2    | Killed Josephine
  9888 | Orc:2    | Found a roughly hewn altar of Beogh.
  9992 | Orc:2    | Noticed an orc high priest
 10103 | Orc:2    | Killed an orc high priest
 10245 | Orc:2    | Found a roughly hewn altar of Beogh.
 10247 | Orc:2    | Found Ighev's Antique Armour Shoppe.
 10270 | Orc:2    | Reached XP level 12. HP: 95/110 MP: 11/11
 10354 | Orc:2    | Found a roughly hewn altar of Beogh.
 10459 | Orc:2    | Found a roughly hewn altar of Beogh.
 10466 | Orc:2    | Found Xipeexir's Weapon Boutique.
 10473 | Orc:2    | Reached skill level 15 in Axes
 10608 | Orc:1    | Reached skill level 10 in Ranged Weapons
 11120 | Orc:2    | Noticed Snorg
 11129 | Orc:2    | Killed Snorg
 11152 | Orc:2    | Found a roughly hewn altar of Beogh.
 11164 | Orc:2    | Upgraded the game from 0.32-a0-473-gd044c6f0f0 to
                  | 0.32-a0-485-g70f7560b1c
 11231 | Orc:2    | Found a roughly hewn altar of Beogh.
 11261 | Orc:2    | Noticed Saint Roka
 11265 | Orc:2    | Killed by an exploding orc warrior... ignited by their
                  | inner flame

Illustrated notes

Levels and vault maps discovered:
D:1:      nagdon_arrival_double_spiral, layout_basic
D:2:      layout_basic, minmay_tetromino_o4
D:3:      layout_basic, cheibrodos_sewer_entry_drain, minmay_tree_intersection,
          uniq_grinder, uniq_terence, uniq_natasha
D:4:      layout_basic, minmay_temple_entry_antechambers,
          nicolae_ossuary_entry_ruins, serial_shops, nicolae_diamond_shop,
          minivault_4, uniq_robin, uniq_pikel, uniq_eustachio
D:5:      layout_rooms, grunt_temple_overflow_lords_of_destruction,
          nicolae_overflow_hallway_of_the_gods, gammafunk_ghost_stat_death,
          uniq_edmund, uniq_menkaure
D:6:      layout_gridville, uniq_prince_ribbit1, uniq_maggie
D:7:      layout_layer_cave, uniq_maurice
D:8:      layout_basic, mainiacjoe_overflow_24_doors, serial_curves,
          eino_curves_01, eino_curves_04, eino_curves_03, grunt_potential,
          uniq_joseph
D:9:      gammafunk_steamed_eel, layout_loops_ring, good_gods_mini_temple,
          david_orc_4, roderic_roman_lattice, minmay_increasing_density
Orc:1:    layout_caves, regret_index_minedec_shroomtown_chain,
          nicolae_shop_overcharged_wands
Orc:2:    grunt_orc_community_town_hall, layout_caves,
          grunt_orc_community_big_house_1, grunt_orc_community_big_house_1,
          grunt_orc_community_house_1, grunt_orc_community_house_1,
          grunt_orc_community_house_3, grunt_orc_community_house_3,
          grunt_orc_community_house_2, grunt_orc_community_house_3, uniq_snorg,
          uniq_josephine

Skill      XL: |  1  2  3  4  5  6  7  8  9 10 11 12 |
---------------+-------------------------------------+-----
Throwing       | 1 2 4 6 7 8 |  8.6
Axes           | 4 5 6 8 9 11 13 14 15 | 15.4
Fighting       | 4 5 6 7 8 9 11 | 11.4
Ranged Weapons | 3 7 9 10 | 10.4
Evocations     | 2 3 |  3.5
Armour         | |  2.4
Dodging        | |  2.1

Action                     |  1- 3 |  4- 6 |  7- 9 | 10-12 || total
---------------------------+-------+-------+-------+-------++-------
  Melee: Hand axe          |   106 |    61 |       |       ||   167
         Headbutt          |    10 |    11 |    32 |    96 ||   149
         War axe           |       |       |   124 |       ||   124
         Broad axe         |       |       |    87 |   234 ||   321
         Battleaxe         |       |       |       |   197 ||   197
   Fire: Orcbow            |       |       |    16 |    30 ||    46
         Arbalest          |       |       |       |    91 ||    91
  Throw: Stone             |     2 |     3 |       |       ||     5
         Boomerang         |       |       |    52 |    14 ||    66
 Invoke: Berserk           |     1 |     4 |    10 |    14 ||    29
         Trog's Hand       |       |     3 |     9 |    31 ||    43
  Evoke: Wand              |       |       |     6 |    21 ||    27
    Use: Scroll            |     3 |     1 |    18 |     4 ||    26
 Armour: Animal skin       |    33 |       |       |       ||    33
         Chain mail        |    27 |     8 |       |       ||    35
         Plate armour      |       |    43 |   189 |   413 ||   645
  Dodge: Dodged            |    64 |    14 |    87 |   152 ||   317
  Block: Buckler           |     5 |     5 |    23 |       ||    33
         Other             |       |       |       |   106 ||   106
         Reflection        |       |       |       |     6 ||     6

Table legend: (Time is in decaauts)
 A = Elapsed time spent in this place.
 B = Non-inter-level travel time spent in this place.
 C = Inter-level travel time spent in this place.
 D = Time resting spent in this place.
 E = Time spent auto-exploring this place.
 F = Levels seen in this place.
 G = Mean time per level.
                   A        B        C        D        E       F      G
               +--------+--------+--------+--------+--------+-----+--------+
         Total |  11672 |  11377 |    295 |   2599 |   5503 |  13 |  897.8 |
       Dungeon |   8412 |   8130 |    282 |   1477 |   4820 |   9 |  934.7 |
  Orcish Mines |   2762 |   2749 |     13 |    960 |    502 |   2 | 1381.0 |
         Sewer |    268 |    268 |      0 |    161 |     33 |   1 |  268.0 |
       Ossuary |    229 |    229 |      0 |      0 |    148 |   1 |  229.0 |
               +--------+--------+--------+--------+--------+-----+--------+

Top non-repeatable levels by time:
   Orc:2: 2115 daAuts
     D:8: 1368 daAuts
     D:4: 1164 daAuts
     D:9: 1010 daAuts
     D:1: 986 daAuts
     D:3: 872 daAuts
     D:7: 839 daAuts
     D:6: 803 daAuts
     D:2: 748 daAuts
   Orc:1: 646 daAuts
     D:5: 617 daAuts
   Sewer: 268 daAuts
 Ossuary: 229 daAuts
